 Dungeon Crawl Stone Soup version 0.25-a0-661-g55ea3d2053 (webtiles) character file.

Game seed: 11311157871714023611, levelgen mode: deterministic

4 n0claF the Chopper (level 1, -3/20 HPs)
             Began as a Hill Orc Monk on Mar 23, 2020.
             Slain by a hobgoblin
             ... wielding a +0 club
              (7 damage)
             ... on level 1 of the Dungeon.
             The game lasted 00:00:28 (58 turns).

n0claF the Chopper (Hill Orc Monk)                    Turns: 58, Time: 00:00:28

Health: -3/20      AC:  2    Str: 13    XL:     1   Next: 60%
Magic:  1/1        EV: 13    Int: 10    God:
Gold:   0          SH:  0    Dex: 13    Spells: 0/0 levels left

rFire    . . .     SeeInvis .   a - +0 hand axe
rCold    . . .     Gourm    .   (no shield)
rNeg     . . .     Faith    .   b - +0 robe
rPois    .         Spirit   .   (no helmet)
rElec    .         Reflect  .   (no cloak)
rCorr    .         Harm     .   (no gloves)
MR       .....                  (no boots)
Stlth    ++........             (no amulet)
HPRegen  0.06/turn              (no ring)
MPRegen  0.07/turn              (no ring)

@: no status effects
A: no striking features
a: no special abilities


You were on level 1 of the Dungeon.
You were not hungry.

You visited 1 branch of the dungeon, and saw 1 of its levels.

Inventory:

Hand Weapons
 a - a +0 hand axe (weapon)
Armour
 b - a +0 robe (worn)
Scrolls
 c - 2 scrolls of enchant armour {unknown}
Comestibles
 e - a ration {!d}


   Skills:
 + Level 3.7 Fighting
 * Level 4.2 Axes
 + Level 0.3 Armour
 - Level 2.4 Dodging
 - Level 1.5 Stealth


You couldn't memorise any spells.
You didn't know any spells.
Your spell library was empty.

Dungeon Overview and Level Annotations

Branches:
Dungeon (1/15)

Altars:


Message History

There is an open door here.
The helpless hobgoblin fails to defend itself.
You slash the hobgoblin!
You kill the hobgoblin!
No target in view!
No target in view!
No target in view!
A hobgoblin comes into view.
Found a stone staircase leading down.
A hobgoblin is nearby!
A hobgoblin is nearby!
A hobgoblin is nearby!
A goblin comes into view.
The helpless hobgoblin fails to defend itself.
You hit the hobgoblin. The hobgoblin closely misses you.
You hit the hobgoblin. The hobgoblin closely misses you.
You hit the hobgoblin.
You kill the hobgoblin!
The goblin is too close now for your liking.
A goblin is nearby!
A goblin is nearby!
A goblin is nearby!
A kobold comes into view.
A hobgoblin comes into view. It is wielding a +0 club.
The helpless goblin fails to defend itself.
You hit the goblin.
The hobgoblin shouts!
The kobold shouts!
The goblin closely misses you.
You closely miss the goblin. The goblin closely misses you.
You hit the goblin. The goblin hits you.
You hit the goblin but do no damage. You closely miss the hobgoblin.
The goblin closely misses you. The hobgoblin hits you with a +0 club.
You completely miss the goblin. You hit the hobgoblin. The goblin hits you.
* * * LOW HITPOINT WARNING * * *
The hobgoblin closely misses you.
Unknown command.
You hit the goblin.
You kill the goblin!
You closely miss the hobgoblin. You closely miss the kobold.
The kobold barely misses you. The hobgoblin barely misses you.
You closely miss the kobold. You hit the hobgoblin.
The kobold closely misses you. The hobgoblin hits you with a +0 club.
* * * LOW HITPOINT WARNING * * *
You hit the kobold but do no damage. You hit the hobgoblin.
The kobold hits you but does no damage. The hobgoblin completely misses you.
The kobold hits you.
* * * LOW HITPOINT WARNING * * *
You closely miss the kobold. You closely miss the hobgoblin.
The hobgoblin hits you with a +0 club!
You die...

#...##...# #...##...# .
#...##...# #.###
#...##...# # #....
#####...##...#####
#.....#...#...##........
#.....#.#.....##.......#
#...g.>...............
#.#.K@......#.......##
#.†.........###...##
#........#### #####
#........# #........#
##########


You could see a hobgoblin and a kobold.

Vanquished Creatures
  A goblin (D:1)
  2 hobgoblins (D:1)
3 creatures vanquished.

Notes
Turn   | Place    | Note
-------+----------+-------------------------------------------
     0 | D:1      | n0claF the Hill Orc Monk began the quest for the Orb.
     0 | D:1      | Reached XP level 1. HP: 19/19 MP: 1/1
    58 | D:1      | Slain by a hobgoblin

Levels and vault maps discovered:
D:1:      evilmike_arrival_plus, layout_basic

Action                   || total
-------------------------++-------
Melee: Hand axe          ||    13
 Stab: Sleeping          ||     3
Armor: Robe              ||     1
Dodge: Dodged            ||    10

Table legend:
 A = Non-vault XP
 B = Vault XP
 C = Vault XP percentage of total XP
 D = Non-vault monster count
 E = Vault monster count
 F = Vault count percentage of total count
                 A         B        C        D         E       F
            +---------+---------+-------+---------+---------+-------
      Total |       6 |       0 |   0.0 |       3 |       0 |   0.0
            +---------+---------+-------+---------+---------+-------
        D:1 |       6 |       0 |   0.0 |       3 |       0 |   0.0
            +---------+---------+-------+---------+---------+-------
